 Dungeon Crawl Stone Soup version 0.22.1-1-ga44c0e5 (webtiles) character file.

1718 Hedgehog the Cleaver (level 8, 0/74 HPs)
             Began as a Minotaur Berserker on Nov 4, 2018.
             Was an Elder of Trog.
             Slain by a slave (1 damage)
             ... led by Pikel
             ... on level 6 of the Dungeon.
             The game lasted 00:33:07 (5877 turns).

Hedgehog the Cleaver (Minotaur Berserker)           Turns: 5877, Time: 00:33:07

Health: 0/74       AC: 19    Str: 24    XL:     8   Next: 75%
Magic:  7/7        EV:  7    Int:  4    God:    Trog [****..]
Gold:   300        SH:  0    Dex: 10    Spells: 7/7 levels left

rFire    . . .     SeeInvis +   a - +3 hand axe (freeze)
rCold    . . .     Gourm    .   (no shield)
rNeg     . . .     Faith    .   m - +0 plate armour
rPois    .         Spirit   .   (helmet restricted)
rElec    .         Reflect  .   l - +0 cloak
rCorr    .         Harm     .   I - +0 pair of gloves
MR       .....                  k - +2 pair of boots
Stlth    ..........             (no amulet)
HPRegen  0.22/turn              (no ring)
MPRegen  0.10/turn              r - ring of see invisible

@: no status effects
A: retaliatory headbutt, horns 2
a: Berserk, Trog's Hand, Brothers in Arms, Renounce Religion


You were on level 6 of the Dungeon.
You worshipped Trog.
Trog was greatly pleased with you.
You were not hungry.

You visited 2 branches of the dungeon, and saw 7 of its levels.
You also visited: Sewer.

You collected 300 gold pieces.

Inventory:

Hand Weapons
 a - a +3 hand axe of freezing (weapon)
 H - a +0 flail
 J - a cursed -3 shortbow
Missiles
 K - 23 arrows
 L - 3 tomahawks (quivered)
Armour
 k - a +2 pair of boots (worn)
 l - a +0 cloak (worn)
 m - a +0 plate armour (worn)
 p - the +1 cloak of Impermeability {+Inv Str-4 Dex-5 Stlth+}
   (You found it on level 4 of the Dungeon)

   It affects your strength (-4).
   It affects your dexterity (-5).
   It lets you turn invisible.
   It makes you more stealthy.
 I - a +0 pair of gloves (worn)
Jewellery
 r - a ring of see invisible (right hand)
 u - an uncursed ring of protection from cold {unknown}
 F - an uncursed amulet of regeneration {unknown}
Wands
 e - a wand of iceblast (9)
 q - a wand of polymorph (21)
 A - a wand of random effects (27)
 B - a wand of paralysis (30)
Scrolls
 b - a scroll of enchant weapon
 d - 3 scrolls of fog
 n - 2 scrolls of fear {unknown}
 s - a scroll of amnesia
 t - a scroll of remove curse
 v - a scroll of acquirement {unknown}
 w - 2 scrolls of magic mapping {unknown}
 y - 2 scrolls of enchant armour
 z - a scroll of immolation {unknown}
 E - 2 scrolls of identify
Potions
 f - 4 potions of lignification
 g - a potion of haste {unknown}
 h - 3 potions of flight {unknown}
 j - 2 potions of degeneration {unknown}
 o - 3 potions of heal wounds {unknown}
 x - 4 potions of curing {unknown}
 C - 2 potions of might {unknown}
 D - a potion of brilliance {unknown}
 G - a potion of invisibility {unknown}
Comestibles
 c - 7 rations
 i - a chunk of flesh


   Skills:
 + Level 7.6 Fighting
 * Level 10.1 Axes
 + Level 7.0 Armour
 - Level 2.1 Dodging


You had 7 spell levels left.
You didn't know any spells.
Your spell library was empty.

Dungeon Overview and Level Annotations

Branches:
Dungeon (6/15)             Temple (1/1) D:5

Altars:
Ashenzari
Cheibriados
Dithmenos
Elyvilon
Gozag
Hepliaklqana
Kikubaaqudgha
Makhleb
Nemelex Xobeh
Okawaru
Qazlal
Ru
Sif Muna
Trog
Uskayaw
Vehumet
Wu Jian
Yredelemnul
Zin
The Shining One

Shops:
D:6 }

Annotations:
D:6 Pikel


Innate Abilities, Weirdness & Mutations

You reflexively headbutt those who attack you in melee.
You have a pair of horns on your head.


Message History

* * * LOW HITPOINT WARNING * * *
The slave hits you but does no damage. x2; The slave barely misses you.
You slash Pikel! You freeze Pikel.
Pikel is severely wounded.
You slash the slave! You freeze the slave. You hit the slave.
You freeze the slave. You hit the slave. You freeze the slave.
Pikel says, "You'll feel the lick of my whip!"
Pikel hits you but does no damage.
The slave hits you but does no damage. x2
The slave barely misses you. You furiously retaliate!
You headbutt the slave! You barely miss Pikel. Your headbutt misses Pikel.
Pikel is severely wounded.
You hit the slave but do no damage. You hit the slave. You freeze the slave.
You closely miss the slave. You hit the slave. You freeze the slave.
You kill the slave!
That felt strangely unrewarding.
The slave barely misses you. You furiously retaliate!
You headbutt the slave! Pikel hits you but does no damage.
You are electrocuted!
* * * LOW HITPOINT WARNING * * *
The slave hits you but does no damage. The slave hits you.
You die...

.(...#.##)#..## # . ..
#.##.#..# # #. ..##.... #
#.# ##.#.... # #.# .#.....
# #.########.#..... #
##........[.......# #
#<.p..............# #
#..p@.....<.......# #
#..K[p............# #
#.))).............# #
#.######....#.....### ...
###.##.#........ .....
#........#.#.... #......
###.#.##.#.#.#.... #......
........#.#......
.......####.#.##.#.###..##


You could see Pikel and 3 slaves.

Vanquished Creatures
  Sigmund (D:2)
  Edmund (D:4)
  An orc warrior (D:6)
  A slave (D:6)
  A phantom (D:5)
  2 ogres (D:6)
  A centaur (D:6)
  A big kobold (Sewer)
  A scorpion (D:5)
  An oklob sapling (D:5)
  A howler monkey (D:4)
  A centaur zombie (D:5)
  4 crimson imps
  Crazy Yiuf (D:3)
  A hound (D:6)
  A gnoll shaman (D:6)
  4 orc wizards (D:5)
  Jessica (D:3)
  5 worker ants
  A hound zombie (D:4)
  A hound skeleton (D:4)
  A worker ant zombie (D:5)
  6 gnolls
  8 adders
  A river rat (Sewer)
  A shadow imp (D:5)
  An ooze (D:3)
  An adder skeleton (D:4)
  2 worms
  5 dart slugs
  4 leopard geckos
  16 orcs
  2 ball pythons
  10 bats
  5 giant cockroaches
  4 goblins
  3 hobgoblins (D:1)
  5 jackals
  3 kobolds
  5 quokkas
  6 frilled lizards
  A giant cockroach zombie (D:5)
  6 rats
  6 plants (D:5)
134 creatures vanquished.

Notes
Turn   | Place    | Note
-------+----------+-------------------------------------------
     0 | D:1      | Hedgehog the Minotaur Berserker began the quest for the
                  | Orb.
     0 | D:1      | Reached XP level 1. HP: 19/19 MP: 0/0
   132 | D:1      | Reached skill level 4 in Axes
   132 | D:1      | Reached XP level 2. HP: 27/27 MP: 1/1
   567 | D:1      | Found a glowing golden altar of the Shining One.
  1024 | D:2      | Reached XP level 3. HP: 28/33 MP: 2/2
  1288 | D:2      | Noticed Sigmund
  1733 | D:3      | Noticed Jessica
  1748 | D:3      | Killed Jessica
  1748 | D:3      | Reached skill level 5 in Axes
  1748 | D:3      | Reached XP level 4. HP: 35/41 MP: 3/3
  1806 | D:3      | Reached ** piety under Trog
  1875 | D:3      | Found a white marble altar of Elyvilon.
  2187 | D:3      | Found a runed door.
  2349 | D:3      | Noticed Crazy Yiuf
  2356 | D:3      | Killed Crazy Yiuf
  2356 | D:3      | Reached XP level 5. HP: 19/47 MP: 4/4
  2632 | D:4      | Got a polished cloak
  2673 | D:4      | Noticed an ogre
  2727 | D:4      | Noticed Edmund
  2741 | D:4      | Killed Edmund
  2741 | D:4      | Reached skill level 5 in Fighting
  2741 | D:4      | Reached skill level 6 in Axes
  2741 | D:4      | Reached XP level 6. HP: 56/56 MP: 5/5
  2943 | D:4      | Reached skill level 7 in Axes
  2962 | D:4      | Found a hazy altar of Hepliaklqana.
  3270 | D:4      | Found a glowing drain.
  3286 | Sewer    | Entered a sewer
  3426 | Sewer    | Identified the +1 cloak of Impermeability {+Inv Str-4 Dex-5
                  | Stlth+} (You found it on level 4 of the Dungeon)
  3501 | Sewer    | Reached skill level 5 in Armour
  3501 | Sewer    | Reached XP level 7. HP: 62/62 MP: 6/6
  3524 | Sewer    | Found a white marble altar of Elyvilon.
  3995 | D:2      | Killed Sigmund
  3995 | D:2      | Reached skill level 8 in Axes
  4053 | D:5      | Entered Level 5 of the Dungeon
  4107 | D:5      | Reached *** piety under Trog
  4542 | D:5      | Reached XP level 8. HP: 70/71 MP: 7/7
  4823 | D:5      | Found a staircase to the Ecumenical Temple.
  4918 | D:5      | Reached skill level 9 in Axes
  5102 | Temple   | Entered the Ecumenical Temple
  5355 | D:6      | Found Dugurr's Gadget Boutique.
  5807 | D:6      | Reached skill level 10 in Axes
  5857 | D:6      | Reached **** piety under Trog
  5862 | D:6      | Noticed Pikel
  5877 | D:6      | HP: 1/74 [Pikel/whip of electrocution (12)]
  5877 | D:6      | Slain by a slave

Skill      XL: |  1  2  3  4  5  6  7  8 |
---------------+-------------------------+-----
Axes           | 4 5 6 7 8 10 | 10.1
Fighting       | 4 5 6 7 |  7.6
Armour         | 3 4 5 7 |  7.0
Dodging        | |  2.1

Action                   |  1- 3 |  4- 6 |  7- 9 || total
-------------------------+-------+-------+-------++-------
Melee: Hand axe          |    59 |   111 |   190 ||   360
       Headbutt          |    11 |    15 |    43 ||    69
Invok: Berserk           |     1 |     2 |     1 ||     4
  Use: Scroll            |       |     7 |     1 ||     8
 Stab: Sleeping          |     2 |       |       ||     2
  Eat: Chunk             |     3 |     8 |     8 ||    19
Armor: Animal skin       |     8 |       |       ||     8
       Ring mail         |    10 |    33 |       ||    43
       Plate armour      |       |     9 |   116 ||   125
       Skin              |       |       |     3 ||     3
Dodge: Dodged            |    37 |    57 |    68 ||   162
